[Event "*** Titled Tuesday Blitz"]
[Site "Chess.com"]
[Date "2021.02.16"]
[Round "7"]
[White "j2806"]
[Black "fabianvivasz"]
[Result "1-0"]
[WhiteElo "2136"]
[BlackElo "2346"]
[TimeControl "180+1"]
[EndTime "11:17:47 PST"]
[Termination "j2806 won by resignation"]

1. e4 c5 2. Nf3 d6 3. d4 cxd4 4. Nxd4 Nf6 5. Nc3 a6 6. Be3 e5 7. Nb3 Be6 8. f3 h5 9. Qd2 Nbd7 10. O-O-O b5 11. g3 Nb6 12. h3 Nc4 13. Bxc4 bxc4 14. Na1 Rb8 15. b3 Qa5 16. Kb1 Be7 17. g4 O-O 18. g5 Nd7 19. h4 Rfc8 20. Nd5 c3 21.
Nxe7+ Kf8 22. Qxd6 Ke8 23. Nxc8 Rxc8 24. f4 Nc5 25.
Qxe5 Qa3 26. Bc1 Qb4 27. f5 Nd7 28. Qxg7 Bc4 29. Qh8+ Nf8 30. g6 fxg6 31. fxg6 Rc7 32. g7 1-0

[Event "*** Titled Tuesday Blitz"]
[Site "Chess.com"]
[Date "2021.02.16"]
[Round "7"]
[White "barbara25"]
[Black "Pogosian_Manvel"]
[Result "0-1"]
[WhiteElo "2243"]
[BlackElo "2401"]
[TimeControl "180+1"]
[EndTime "11:17:48 PST"]
[Termination "Pogosian_Manvel won by resignation"]

1. e4 c6 2. d4 d5 3. f3 dxe4 4. fxe4 e5 5. Nf3 Be6 6. c3 Nd7 7. Be2 Ngf6 8. Nbd2 Be7 9. Qc2 O-O 10. O-O Qb6 11.
Kh1 Rad8 12. a4 a5 13. h3 Nh5 14. Kh2 Qc7 15. Kg1 Ng3 16. Re1 f5 17. exf5 Bxf5 18. Qb3+ Kh8 19. Nc4 e4 20. Nfe5 Be6 21. Qc2 Bd5 22.
Nxd7 Qxd7 23. Ne5 Qf5 24. Bg4 Qf1+ 25. Rxf1 Rxf1+ 26. Kh2 Bh4 27. Bg5 Rxa1 28. Bxh4 Nf1+ 29. Kg1 Ne3+ 30. Kf2 Nxc2 31. Bxd8 e3+ 32. Ke2 Be4 33. Bh4 Ra2 34. Be6 Bd5 35. Bf5 Rxb2 36. c4 Nxd4+ 0-1

[Event "*** Titled Tuesday Blitz"]
[Site "Chess.com"]
[Date "2021.02.16"]
[Round "7"]
[White "KuzubovYuriy"]
[Black "JosefineHeinemann"]
[Result "1-0"]
[WhiteElo "2838"]
[BlackElo "2625"]
[TimeControl "180+1"]
[EndTime "11:17:49 PST"]
[Termination "KuzubovYuriy won by resignation"]

1. d4 Nf6 2. Nf3 d5 3. c4 c6 4.
Nc3 dxc4 5. a4 Bf5 6. Nh4 Bc8 7. e3 Nbd7 8. Bxc4 e6 9. O-O c5 10. d5 e5 11. e4 g6 12. f4 exf4 13. Bxf4 Bg7 14. e5 Nh5 15. e6 Qxh4 16. exd7+ Bxd7 17. Qe1+ Qxe1 18. Raxe1+ Kd8 19. Bg5+ f6 20. Be3 b6 21. d6 Bc6 22. g4 Ng3 23. hxg3 h5 24. g5 f5 25. Bf4 h4 26. Bd5 Bd4+ 27. Kg2 Bxd5+ 28. Nxd5 hxg3 29. Re7 Rh2+ 30. Kxg3 Rxb2 31. d7 1-0

[Event "*** Titled Tuesday Blitz"]
[Site "Chess.com"]
[Date "2021.02.16"]
[Round "7"]
[White "Msb2"]
[Black "TregubovP"]
[Result "1-0"]
[WhiteElo "2867"]
[BlackElo "2561"]
[TimeControl "180+1"]
[EndTime "11:17:50 PST"]
[Termination "Msb2 won by resignation"]

1. d4 Nf6 2. Nf3 e6 3. e3 d5 4. Bd3 Be7 5. O-O O-O 6. b3 b6 7. Bb2 Bb7 8. Nbd2 a6 9. Qe2 Ne4 10. c4 Nd7 11. Rac1 f5 12. cxd5 exd5 13. Ne5 Nxe5 14.
dxe5 c5 15. f3 Nxd2 16. Qxd2 Qd7 17. Qf2 Rac8 18. Rfd1 Qe6 19. a4 h6 20. Qe2 Ra8 21. Rd2 Kh8 22. Rcd1 Rfc8 23. Bc2 Bc6 24. Qd3 Rf8 25. Qe2 b5 26. Qf2 Rab8 27. Bc3 Rfd8 28. Qg3 Bg5 29. f4 Be7 30. Qh3 Rf8 31. e4 dxe4 32.
Rd6 Bxd6 33. Rxd6 Qe8 34. Rxh6+ gxh6 35. Qxh6+ Kg8 36. e6 1-0

[Event "*** Titled Tuesday Blitz"]
[Site "Chess.com"]
[Date "2021.02.16"]
[Round "7"]
[White "Alexsur1981"]
[Black "Buffy7"]
[Result "1-0"]
[WhiteElo "2847"]
[BlackElo "2645"]
[TimeControl "180+1"]
[EndTime "11:17:54 PST"]
[Termination "Alexsur1981 won by resignation"]

1. e4 c5 2. Nc3 a6 3. Nf3 d6 4.
d4 cxd4 5. Nxd4 Nf6 6. Rg1 e5 7. Nb3 Be6 8. g4 d5 9. g5 Nxe4 10. Nxe4 dxe4 11. Qxd8+ Kxd8 12. Be3 Nd7 13. Bg2 Bf5 14.
O-O-O Kc7 15. Nd2 Nc5 16. Kb1 Be7 17. Bxc5 Bxc5 18. Nxe4 Bxe4 19. Bxe4 Rad8 20. Rd3 Rxd3 21. cxd3 b6 22. Rg3 Kd6 23. Rf3 Ke6 24. Bb7 a5 25.
Ba6 Ke7 26. Bc4 f6 27. gxf6+ gxf6 28. Kc2 h5 29. Kd2 Rh7 30. Ke2 h4 31. Bd5 Rg7 32. Kf1 Rg4 33. Be4 Rf4 34. Rxf4 exf4 35. Kg2 Kd6 36. f3 Bd4 37. Kh3 Bf2 38. Kg4 Ke5 39. b3 b5 40. Bg6 b4 41. Bh7 Be1 42. Kh5 Bf2 43. h3 Be1 44. Kg6 Bf2 45. Kf7 Be1 46. Ke7 Bf2 47. Kd7 Kd4 48. Kc6 Kc3 49. Kb5 Kb2 50.
Kxa5 Be1 51. d4 Kxa2 52. Ka4 Kb2 53. d5 Kc3 54. d6 Bf2 55. Kb5 1-0

[Event "*** Titled Tuesday Blitz"]
[Site "Chess.com"]
[Date "2021.02.16"]
[Round "7"]
[White "LuisFSiles"]
[Black "Grimlock_Glasgow"]
[Result "0-1"]
[WhiteElo "2299"]
[BlackElo "2446"]
[TimeControl "180+1"]
[EndTime "11:17:54 PST"]
[Termination "Grimlock_Glasgow won on time"]

1. e4 e5 2. Nf3 d5 3. exd5 Bd6 4. Nc3 Nf6 5. d3 h6 6. g3 O-O 7.
Bg2 Nbd7 8. O-O Nb6 9. Re1 Re8 10.
Nd2 Bb4 11. Nde4 Nbxd5 12. Nxd5 Nxd5 13. c3 Bf8 14. d4 exd4 15. Qxd4 c6 16. Rd1 Qb6 17.
Qxb6 axb6 18. a3 Bg4 19. f3 Bf5 20. c4 Bxe4 21. fxe4 Bc5+ 22. Kh1 Nf6 23. Bd2 Nxe4 24. Bxe4 Rxe4 25. Re1 Rxc4 26. Bc3 b5 27. Rac1 f6 0-1

[Event "*** Titled Tuesday Blitz"]
[Site "Chess.com"]
[Date "2021.02.16"]
[Round "7"]
[White "MagzyPotato"]
[Black "novocane"]
[Result "1-0"]
[WhiteElo "2412"]
[BlackElo "2249"]
[TimeControl "180+1"]
[EndTime "11:17:54 PST"]
[Termination "MagzyPotato won by resignation"]

1. d4 Nf6 2. c4 e6 3. Nf3 b6 4. g3 Ba6 5. Qc2 Bb7 6. Bg2 c5 7. d5 exd5 8. cxd5 Nxd5 9. O-O Nb4 10. Qa4 a6 11. a3 b5 12. Qb3 N4c6 13. e4 Be7 14.
Rd1 O-O 15. e5 Qb6 16. Nc3 Nd4 17. Nxd4 cxd4 18. Nd5 Bxd5 19. Qxd5 Ra7 20. Rxd4 Nc6 21. Rf4 Qc5 22. Be3 Qxd5 23. Bxd5 Rc7 24. Rc1 Bg5 25. Rxf7 Rxf7 26. Bxg5 h6 27. Bf4 Kf8 28. Bxf7 1-0

[Event "*** Titled Tuesday Blitz"]
[Site "Chess.com"]
[Date "2021.02.16"]
[Round "7"]
[White "Kostukov_Alex"]
[Black "Fiona"]
[Result "0-1"]
[WhiteElo "2311"]
[BlackElo "2134"]
[TimeControl "180+1"]
[EndTime "11:17:55 PST"]
[Termination "Fiona won on time"]

1. g3 d5 2. Bg2 c6 3. d3 e5 4. e4 Be6 5. Qe2 Bd6 6. Nf3 f6 7. O-O Ne7 8. d4 Nd7 9. dxe5 Nxe5 10. Nd4 Bg4 11. f3 Bh5 12. exd5 cxd5 13. Ne6 Qb6+ 14. Be3 Qxb2 15. Nxg7+ Kf7 16. Nxh5 Qxa1 17. Nd2 Qc3 18.
f4 Nc4 19. Nxc4 Qxc4 20. Qg4 Rhg8 21. Qd7 Qc6 22. Qh3 Bc5 23. Bxc5 Qxc5+ 24. Kh1 Qc8 25. Qh4 Qf5 26. Bh3 Qe4+ 27. Bg2 Qg6 28. h3 Nf5 29.
Bxd5+ Kf8 30. Qxf6+ Qxf6 31. Nxf6 Rg6 0-1

[Event "*** Titled Tuesday Blitz"]
[Site "Chess.com"]
[Date "2021.02.16"]
[Round "7"]
[White "anskam"]
[Black "chesslh19"]
[Result "1-0"]
[WhiteElo "1739"]
[BlackElo "2220"]
[TimeControl "180+1"]
[EndTime "11:17:56 PST"]
[Termination "anskam won by resignation"]

1. e4 e5 2. Nf3 Nf6 3. Nxe5 d6 4. Nf3 Nxe4 5. Qe2 Qe7 6. d3 Nf6 7. Bg5 Qxe2+ 8. Bxe2 Be7 9. Nc3 c6 10. O-O Na6 11. Rfe1 Nc5 12. d4 Ne6 13. Bh4 d5 14. Ne5 O-O 15. Rad1 Re8 16. f4 Ne4 17. Bxe7 Nxc3 18.
bxc3 Rxe7 19. g3 Bd7 20. Bd3 Nf8 21. Nxd7 Rxd7 22. Re2 Ne6 23. Rde1 Rdd8 24. Bf5 Nc7 25. Re7 Re8 26. Kf2 Kf8 27. Rxc7 Rxe1 28. Kxe1 Rb8 29. Rc8+ Rxc8 30. Bxc8 b6 31. Bb7 c5 32. Bxd5 Ke7 33. dxc5 bxc5 34. c4 f6 35. Kd2 Kd6 36. Ke3 Ke7 37.
Ke4 Kd6 38. h4 g6 39. g4 Ke7 40.
h5 Kd6 41. c3 Ke7 42. Bg8 gxh5 43. gxh5 h6 44. Kd5 Kd7 45. Kxc5 1-0

[Event "*** Titled Tuesday Blitz"]
[Site "Chess.com"]
[Date "2021.02.16"]
[Round "7"]
[White "ZEN-22"]
[Black "Mr_Sinigami"]
[Result "1-0"]
[WhiteElo "2506"]
[BlackElo "2653"]
[TimeControl "180+1"]
[EndTime "11:17:57 PST"]
[Termination "ZEN-22 won by resignation"]

1. e4 c5 2. b4 cxb4 3. a3 d5 4. exd5 Qxd5 5. Nf3 e6 6. Bb2 Nf6 7. axb4 Bxb4 8. Bxf6 gxf6 9. c3 Be7 10. Na3 Nc6 11. Nc4 Rb8 12. Ne3 Qd8 13. Bb5 a6 14. Bxc6+ bxc6 15. O-O O-O 16. d4 c5 17. Qd3 cxd4 18.
cxd4 Bd7 19. Rfd1 Bb5 20. Qe4 f5 21. Qf4 Bf6 22. g4 fxg4 23. Nxg4 Bg7 24. Nh6+ Kh8 25.
Nxf7+ Rxf7 26. Qxf7 Qd5 27. Ne5 Rf8 28. Qh5 Rf5 29.
Ng6+ Kg8 30. Ne7+ Kf8 31. Nxf5 Bc6 32. f3 exf5 33. Rxa6 Qc4 34. Qxf5+ Kg8 35. Qc8+ 1-0

[Event "*** Titled Tuesday Blitz"]
[Site "Chess.com"]
[Date "2021.02.16"]
[Round "7"]
[White "sara_khm"]
[Black "kobemagic"]
[Result "1-0"]
[WhiteElo "2650"]
[BlackElo "2407"]
[TimeControl "180+1"]
[EndTime "11:17:57 PST"]
[Termination "sara_khm won by checkmate"]

1. d4 Nf6 2. c4 c5 3. Nf3 cxd4 4. Nxd4 e5 5. Nf3 Nc6 6. Nc3 Bb4 7. Qb3 e4 8. Ng5 O-O 9. Bd2 Nd4 10. Qd1 d5 11.
cxd5 Bf5 12. e3 Bxc3 13. bxc3 Nxd5 14. exd4 e3 15. fxe3 Qxg5 16. Qf3 Bg6 17. h4 Qd8 18. e4 Bxe4 19. Qg3 Re8 20. Be2 Bg6 21. Kf2 Qf6+ 22. Bf3 Qf5 23. h5 Qc2 24. hxg6 Qxd2+ 25. Kg1 hxg6 26. Bxd5 Re3 27. Qf2 Qxc3 28. Qxf7# 1-0

[Event "*** Titled Tuesday Blitz"]
[Site "Chess.com"]
[Date "2021.02.16"]
[Round "7"]
[White "HrvojeZagreb"]
[Black "woodhy"]
[Result "1-0"]
[WhiteElo "2267"]
[BlackElo "2452"]
[TimeControl "180+1"]
[EndTime "11:17:57 PST"]
[Termination "HrvojeZagreb won by resignation"]

1. d4 Nf6 2. Bf4 c5 3. e3 b6 4. Nd2 Bb7 5. c3 e6 6. Nc4 d5 7. Ne5 Nc6 8. Bb5 Rc8 9. Qa4 a6 10.
Bxa6 Bxa6 11. Qxa6 Nxe5 12. Bxe5 Nd7 13. Qb5 Be7 14. Bxg7 Rg8 15. Bh6 Rxg2 16. Nf3 f6 17. Bf4 Rg6 18. h4 Kf7 19. h5 Rg4 20. Ke2 cxd4 21.
Nxd4 e5 22. Qxd5+ Ke8 23. Ne6 exf4 24. Nxd8 Rxd8 25. Rag1 Rg5 26. Rxg5 fxg5 27. exf4 gxf4 28. Rg1 Nf8 29. Qc6+ Nd7 30. Rd1 Bc5 31. b4 Be7 32. a4 Bf6 33. Rxd7 Rxd7 34. Qxf6 f3+ 35. Qxf3 Kd8 36.
Qa8+ Kc7 37. Qa7+ Kc8 38. Qxd7+ Kxd7 39. Kd3 1-0

[Event "*** Titled Tuesday Blitz"]
[Site "Chess.com"]
[Date "2021.02.16"]
[Round "7"]
[White "kleopl"]
[Black "zimmm36"]
[Result "1-0"]
[WhiteElo "2471"]
[BlackElo "2282"]
[TimeControl "180+1"]
[EndTime "11:17:58 PST"]
[Termination "kleopl won by checkmate"]

1. e4 c5 2. Nc3 Nc6 3. Bb5 Nd4 4. Bc4 g6 5. Nf3 Bg7 6. Nxd4 cxd4 7. Qf3 Nf6 8. Ne2 O-O 9. d3 Ng4 10. Bb3 Ne5 11. Qg3 Nc6 12. O-O d6 13. f4 Be6 14.
Bd2 Rc8 15. f5 Bxb3 16. axb3 a6 17. Nf4 Ne5 18. Rfc1 Qd7 19. Nd5 Rc5 20. b4 Rc6 21. fxg6 hxg6 22. c4 dxc3 23. bxc3 Rfc8 24. Bg5 Re8 25. c4 Kf8 26. Rab1 Qg4 27. Qxg4 Nxg4 28. b5 Bd4+ 29. Kf1 Nxh2+ 30. Ke2 axb5 31. Rxb5 Ra8 32. Rh1 Ra2+ 33. Bd2 Ng4 34. Rxb7 Rca6 35. Rb8+ Kg7 36.
Rhh8 Rxd2+ 37. Kxd2 Ra2+ 38. Kc1 f5 39. Rbg8+ Kf7 40.
Rf8+ Ke6 41. Rh7 Bf6 42. Rxf6+ Nxf6 43. Rxe7# 1-0

[Event "*** Titled Tuesday Blitz"]
[Site "Chess.com"]
[Date "2021.02.16"]
[Round "7"]
[White "DinaBelenkaya"]
[Black "VFernandezB"]
[Result "0-1"]
[WhiteElo "2296"]
[BlackElo "2437"]
[TimeControl "180+1"]
[EndTime "11:18:02 PST"]
[Termination "VFernandezB won by checkmate"]

1. e4 c5 2. Nc3 d6 3. Nf3 a6 4.
g3 g6 5. Bg2 Nc6 6. d3 Bg7 7.
Bg5 b5 8. Qd2 b4 9. Nd1 Bb7 10.
c3 a5 11. d4 Ba6 12. d5 Ne5 13. Nxe5 Bxe5 14. Ne3 bxc3 15. bxc3 h6 16. Bf4 Bxf4 17.
gxf4 Nf6 18. e5 Nh5 19. Ng4 Qb6 20. Bf1 Bxf1 21. Kxf1 Qb5+ 22. Kg2 Qc4 23. exd6 exd6 24. Rhe1+ Kf8 25. Kf3 Kg7 26. Re4 Qb5 27. Re7 Rhe8 28. Rae1 Rxe7 29. Rxe7 Re8 30. Rxe8 Qxe8 31. Qe3 Qb5 32. h4 Qc4 33. Qd2 f5 34. Nh2 Qe4# 0-1

[Event "*** Titled Tuesday Blitz"]
[Site "Chess.com"]
[Date "2021.02.16"]
[Round "7"]
[White "PawnEatingZombie"]
[Black "rugbyclub"]
[Result "0-1"]
[WhiteElo "2142"]
[BlackElo "2297"]
[TimeControl "180+1"]
[EndTime "11:18:02 PST"]
[Termination "rugbyclub won by resignation"]

1. d4 Nf6 2. c4 g6 3. Nc3 Bg7 4. e4 d6 5. Be2 O-O 6. Be3 c5 7. d5 e6 8. Nf3 exd5 9. cxd5 Re8 10. Nd2 Na6 11. O-O Nc7 12. a4 b6 13. Re1 a6 14.
h3 Rb8 15. Rb1 b5 16. b4 c4 17. Qc2 h6 18. Bf1 Nh5 19. Nf3 Qf6 20. Nd4 Bd7 21. axb5 axb5 22. Ra1 Rb7 23. Ra5 Nf4 24. Kh2 h5 25. g3 Nd3 26. Bxd3 cxd3 27. Qxd3 h4 28. g4 Qe7 29. f4 g5 30. fxg5 Qe5+ 31. Kh1 Qg3 32. Qf1 Be5 33. Qg2 Qxe1+ 34. Bg1 Qxc3 0-1

[Event "*** Titled Tuesday Blitz"]
[Site "Chess.com"]
[Date "2021.02.16"]
[Round "7"]
[White "lamomiablanca"]
[Black "CroissantNeuf"]
[Result "0-1"]
[WhiteElo "2302"]
[BlackElo "2477"]
[TimeControl "180+1"]
[EndTime "11:18:03 PST"]
[Termination "CroissantNeuf won on time"]

1. e4 c5 2. d3 Nc6 3. g3 e6 4. Bg2 Nf6 5. Nf3 Be7 6. O-O d6 7. Qe2 O-O 8. c3 e5 9. Na3 Re8 10. Nc4 Bf8 11. Bg5 h6 12. Bxf6 Qxf6 13. Nfd2 Be6 14. Ne3 b5 15. f4 exf4 16. gxf4 Qd8 17. f5 Bd7 18. Nd5 Ne7 19. Ne3 d5 20. e5 d4 21.
cxd4 cxd4 22. Ng4 Nxf5 23. Bxa8 Qxa8 24. Ne4 Ne3 25. Nxe3 dxe3 26. Qxe3 Rxe5 27. Qg3 Rxe4 28. dxe4 Bc5+ 29. Kh1 Qxe4+ 30. Qg2 Bc6 31. Rg1 Qe6 0-1

[Event "*** Titled Tuesday Blitz"]
[Site "Chess.com"]
[Date "2021.02.16"]
[Round "7"]
[White "HanSchut"]
[Black "Trickster_Pony"]
[Result "0-1"]
[WhiteElo "2220"]
[BlackElo "1521"]
[TimeControl "180+1"]
[EndTime "11:18:03 PST"]
[Termination "Trickster_Pony won by resignation"]

1. e4 c5 2. Nf3 g6 3. c4 Nc6 4. d4 cxd4 5. Nxd4 Nf6 6. Nc3 Nxd4 7.
Qxd4 d6 8. Bg5 Bg7 9. Be2 O-O 10. Qd2 Nd7 11. Rc1 Nc5 12. f3 Be6 13. O-O Rc8 14.
Rfd1 a6 15. Be3 f5 16. exf5 Bxf5 17. b4 Nd7 18. a3 Ne5 19. Qd5+ Kh8 20. Qxb7 Nxc4 21.
Bxc4 Rxc4 22. Nd5 Rxc1 23. Rxc1 e6 24. Ne7 e5 25. Rc8 Bxc8 26. Nxc8 Qxc8 27. Qd5 Qc3 28. Kf2 Qb2+ 29. Kg3 e4 30. f4 Qc3 31. Qxe4 d5 32.
Qf3 d4 33. Bf2 Rc8 34. Kg4 Qxf3+ 35. Kxf3 Rc3+ 36. Ke4 Rxa3 37. Bxd4 Bxd4 38. Kxd4 Ra2 0-1

[Event "*** Titled Tuesday Blitz"]
[Site "Chess.com"]
[Date "2021.02.16"]
[Round "7"]
[White "Harry_Rakkel"]
[Black "Shuvalov"]
[Result "1-0"]
[WhiteElo "2692"]
[BlackElo "2531"]
[TimeControl "180+1"]
[EndTime "11:18:04 PST"]
[Termination "Harry_Rakkel won on time"]

1. e4 e6 2. d3 d5 3. Nd2 c5 4.
Ngf3 Nc6 5. g3 Nf6 6. Bg2 Be7 7.
O-O O-O 8. Re1 b5 9. e5 Nd7 10. Nf1 a5 11. h4 a4 12. a3 Ba6 13. h5 h6 14. N1h2 b4 15. Ng4 bxa3 16. bxa3 Rb8 17. Nxh6+ gxh6 18. Bxh6 Re8 19. c4 Kh7 20. cxd5 exd5 21.
Qd2 Rg8 22. e6 fxe6 23. Rxe6 Rb6 24. Rae1 Bf6 25. Bh3 Nd4 26. Nxd4 Bxd4 27. Re7+ Kh8 28. Be3 Ne5 29. Bxd4 cxd4 30. R1xe5 Rf6 31. R5e6 Qf8 32. Bf5 Rg7 33. Re8 Rxf5 34. Rxf8+ Rxf8 35. Rxa6 Kg8 36. Rxa4 Rgf7 37. Rxd4 1-0

[Event "*** Titled Tuesday Blitz"]
[Site "Chess.com"]
[Date "2021.02.16"]
[Round "7"]
[White "Nikolakis2014"]
[Black "eduardoperalta"]
[Result "1-0"]
[WhiteElo "2652"]
[BlackElo "2427"]
[TimeControl "180+1"]
[EndTime "11:18:04 PST"]
[Termination "Nikolakis2014 won on time"]

1. Nf3 Nf6 2. c4 g6 3. Nc3 Bg7 4. g3 O-O 5. Bg2 d6 6. d4 c5 7.
O-O cxd4 8. Nxd4 Nc6 9. Nxc6 bxc6 10. Bxc6 Rb8 11. Bg2 Qa5 12. Nb5 Be6 13. b3 Ng4 14. Bd2 Qb6 15. Bc3 Rfc8 16. Bxg7 Kxg7 17. Qd4+ Qxd4 18.
Nxd4 Bd7 19. Rfc1 a5 20. h3 Ne5 21. Rab1 f5 22. Bd5 Kf6 23. Bg2 g5 24. e3 Nd3 25. Rd1 Nb4 26. Rd2 h5 27. Ne2 Na6 28. Nc3 Nc7 29. c5 Ne8 30. Nd5+ Kf7 31. cxd6 Nxd6 32.
Rbd1 a4 33. Nxe7 Kxe7 34. Rxd6 Be6 35. bxa4 Rc2 36. R6d2 Rxa2 37. Rxa2 Bxa2 38. a5 Bc4 39. Rc1 Rb4 40. Ra1 Ba6 41. Bf1 Bb7 42. a6 Ba8 43. a7 f4 44. exf4 gxf4 45. gxf4 Rb6 46. f5 Rb5 47.
Bg2 1-0

[Event "*** Titled Tuesday Blitz"]
[Site "Chess.com"]
[Date "2021.02.16"]
[Round "7"]
[White "GLeruste"]
[Black "Taktikmonster"]
[Result "1-0"]
[WhiteElo "2459"]
[BlackElo "2346"]
[TimeControl "180+1"]
[EndTime "11:18:04 PST"]
[Termination "GLeruste won by checkmate"]

1. d4 Nf6 2. Nc3 d5 3. Bf4 a6 4. e3 e6 5. g4 Bb4 6. Bd3 c5 7. dxc5 Nbd7 8. g5 Ne4 9. Bxe4 dxe4 10. Qd4 Bxc5 11. Qxg7 Rf8 12. Nxe4 Be7 13. O-O-O Qa5 14. Kb1 e5 15. Bg3 Qa4 16. Nc3 Qc6 17. Nge2 Nc5 18. Nd5 Bg4 19. Nxe7 Kxe7 20. Qxe5+ Ne6 21. Nd4 Qb6 22.
f3 Bh3 23. Qf6+ Ke8 24. Bh4 Qd8 25. Nxe6 Qxf6 26. Nc7+ Ke7 27. gxf6# 1-0

[Event "*** Titled Tuesday Blitz"]
[Site "Chess.com"]
[Date "2021.02.16"]
[Round "7"]
[White "Kapibara_Warri0r"]
[Black "IceBelka"]
[Result "0-1"]
[WhiteElo "2186"]
[BlackElo "2402"]
[TimeControl "180+1"]
[EndTime "11:18:07 PST"]
[Termination "IceBelka won by resignation"]

1. d4 d5 2. c4 e6 3. Nc3 c6 4. cxd5 exd5 5. Nf3 Bf5 6. e3 Nf6 7. Bd3 Bxd3 8. Qxd3 Bd6 9. O-O O-O 10. b3 Re8 11. Bb2 Nbd7 12. Rfe1 Ne4 13. Ne2 Qf6 14. Ng3 Re6 15. Rad1 Rae8 16. a3 Qg6 17. b4 h5 18.
Nh4 Qf6 19. Nf3 h4 20. Ne2 h3 21. Nf4 Bxf4 22. exf4 hxg2 23. Bc1 Qf5 24. Ne5 Rh6 25.
Nxd7 Qxd7 26. f5 Qxf5 27. f3 Rh3 28. fxe4 dxe4 29. Re3 exd3 30. Rxe8+ Kh7 31. Kxg2 Qf3+ 32. Kg1 Qxd1+ 0-1

[Event "*** Titled Tuesday Blitz"]
[Site "Chess.com"]
[Date "2021.02.16"]
[Round "7"]
[White "TeukkaSalama"]
[Black "volunteers1998"]
[Result "0-1"]
[WhiteElo "2368"]
[BlackElo "2127"]
[TimeControl "180+1"]
[EndTime "11:18:09 PST"]
[Termination "volunteers1998 won by checkmate"]

1. d4 f5 2. Nf3 Nf6 3. Bf4 g6 4. h4 h6 5. Nc3 Bg7 6. Qd2 d6 7. O-O-O Nc6 8. d5 e5 9. dxc6 exf4 10. cxb7 Bxb7 11. Qxf4 O-O 12. e3 Qe7 13. Bc4+ Kh8 14. h5 g5 15. Nxg5 hxg5 16. Qxg5 Nd5 17. Qxe7 Nxe7 18.
Ne2 Be5 19. f4 Bf6 20. Rh2 d5 21. Bd3 Rg8 22. Rg1 c5 23. c4 dxc4 24. Bxc4 Bd5 25. Bd3 Bxa2 26. e4 fxe4 27. Bxe4 Bd5 28. Bg6 Nxg6 29.
hxg6+ Kg7 30. f5 Rh8 31. Rxh8 Rxh8 32. g4 Rh2 33. Ng3 Bxb2+ 34. Kb1 Bd4 35. Re1 Ba2+ 36. Kc1 Bb2+ 37. Kd1 Bb3# 0-1

[Event "*** Titled Tuesday Blitz"]
[Site "Chess.com"]
[Date "2021.02.16"]
[Round "7"]
[White "AniJak"]
[Black "bazar-wokzal"]
[Result "0-1"]
[WhiteElo "2317"]
[BlackElo "2555"]
[TimeControl "180+1"]
[EndTime "11:18:09 PST"]
[Termination "bazar-wokzal won by resignation"]

1. e4 Nc6 2. d4 d5 3. e5 h5 4.
g3 Bg4 5. Be2 Qd7 6. h3 Bf5 7.
Be3 O-O-O 8. c3 f6 9. f4 g5 10. fxg5 fxe5 11. dxe5 Nxe5 12. Qd4 Bg7 13. Qxa7 Qc6 14.
Bd4 Rh7 15. Na3 Nd3+ 16. Bxd3 Bxd3 17. O-O-O Be4 18. Rh2 e5 19. Be3 Ne7 20. Ne2 Nf5 21. Bg1 Bf3 22. Rf2 Bxe2 23. Rxe2 Nxg3 24. Red2 d4 25. Kb1 Ne4 26. Rd3 Nc5 27. Rf3 Qxf3 28. Rc1 Qf5+ 29. Ka1 Qxg5 30. Rb1 Na6 31. cxd4 exd4 32.
Nb5 Qxb5 33. Rc1 d3 34. Rb1 d2 0-1

[Event "*** Titled Tuesday Blitz"]
[Site "Chess.com"]
[Date "2021.02.16"]
[Round "7"]
[White "FontVella8"]
[Black "HouseOfDurin"]
[Result "1-0"]
[WhiteElo "2568"]
[BlackElo "2170"]
[TimeControl "180+1"]
[EndTime "11:18:10 PST"]
[Termination "FontVella8 won on time"]

1. d4 Nf6 2. Nf3 c5 3. c3 cxd4 4. cxd4 g6 5. Nc3 Bg7 6. h4 h5 7. e4 d6 8. Bc4 O-O 9. Ng5 e6 10. Bb3 d5 11. e5 Nh7 12. O-O Nc6 13. Qd3 a5 14. Nb5 b6 15. Nxh7 Kxh7 16. Bg5 f6 17.
Bc2 fxg5 18. Qxg6+ Kg8 19. Qh7+ Kf7 20. Qxh5+ Ke7 21. Qxg5+ Kd7 22. Qxg7+ Qe7 23. Qxe7+ Kxe7 24. Rad1 Ba6 25. a4 Nb4 26. Bg6 Rf4 27. h5 Rg8 28. g3 Rg4 29. Kg2 R4xg6 30. hxg6 Rxg6 31. Rh1 Rg7 32. Rc1 Bxb5 33. axb5 Kd7 34. Rh6 a4 35. Ra1 Nc2 36.
Rxa4 Re7 37. Ra7+ Ke8 38. Rh8+ Kf7 39. Rh7+ Kg6 40. Raxe7 Nxd4 41. g4 Kg5 42. Ref7 Ne2 43. Rhg7+ Kh6 44. f4 d4 45. f5 1-0

[Event "*** Titled Tuesday Blitz"]
[Site "Chess.com"]
[Date "2021.02.16"]
[Round "7"]
[White "PotapovaM"]
[Black "mr65"]
[Result "1-0"]
[WhiteElo "2583"]
[BlackElo "2144"]
[TimeControl "180+1"]
[EndTime "11:18:10 PST"]
[Termination "PotapovaM won on time"]

1. e4 e5 2. Nf3 Nc6 3. Bb5 a6 4. Ba4 Nf6 5. O-O Be7 6. Re1 b5 7. Bb3 O-O 8. h3 d5 9. exd5 Nxd5 10. Nxe5 Nxe5 11. Rxe5 Bb7 12. d3 Bf6 13. Re1 Re8 14. Nd2 Rxe1+ 15. Qxe1 Nf4 16. Ne4 Be5 17. Nc5 Qg5 18.
g3 Nxh3+ 19. Kf1 Qh5 20. Nxb7 Re8 21. Nc5 Nf4 22. Kg1 Nh3+ 23. Kg2 Nxf2 24. Qxf2 Bxb2 25. Qxf7+ Qxf7 26. Bxf7+ Kxf7 27. Bxb2 Re2+ 28. Kf3 Rxc2 29. Bd4 1-0

[Event "*** Titled Tuesday Blitz"]
[Site "Chess.com"]
[Date "2021.02.16"]
[Round "7"]
[White "GelmanAlexander"]
[Black "Danfii"]
[Result "1-0"]
[WhiteElo "2598"]
[BlackElo "2416"]
[TimeControl "180+1"]
[EndTime "11:18:11 PST"]
[Termination "GelmanAlexander won by resignation"]

1. d4 Nf6 2. Nc3 d5 3. Bf4 e6 4. Nb5 Na6 5. e3 c6 6. Nc3 Nc7 7. Nf3 Bd6 8. Ne5 Ne4 9. Nxe4 dxe4 10. Qh5 O-O 11. O-O-O f6 12. Nc4 Bxf4 13. exf4 Nd5 14. g3 a5 15. Bg2 b5 16. Ne3 f5 17. Rhe1 a4 18. a3 Qb6 19. c3 Rb8 20. f3 Nxe3 21.
Rxe3 c5 22. fxe4 b4 23. axb4 cxb4 24. cxb4 Qxb4 25. Qe2 a3 26. Rxa3 Bd7 27. Rd2 Ba4 28.
Qe3 Rfc8+ 29. Rc3 Qb3 30. exf5 Rxc3+ 31. Qxc3 Qa2 32. b4 Bc2 33. Rxc2 Qa6 34. fxe6 Re8 35.
d5 1-0

[Event "*** Titled Tuesday Blitz"]
[Site "Chess.com"]
[Date "2021.02.16"]
[Round "7"]
[White "DonPreuss"]
[Black "jens1102"]
[Result "0-1"]
[WhiteElo "2256"]
[BlackElo "2423"]
[TimeControl "180+1"]
[EndTime "11:18:11 PST"]
[Termination "jens1102 won by resignation"]

1. d4 Nf6 2. Nc3 d5 3. e4 dxe4 4. f3 c5 5. d5 exf3 6. Nxf3 e6 7. Bb5+ Bd7 8. dxe6 fxe6 9. O-O Be7 10. Bc4 Nc6 11. Ng5 Nd4 12. Re1 Qb6 13. Nce4 O-O 14.
c3 Nxe4 15. Nxe4 Bb5 16. Bxb5 Nxb5 17. Bg5 Rad8 18. Qh5 c4+ 19. Kh1 Rd5 20. Qg4 h5 21. Qh4 Bxg5 22. Nxg5 Qd8 23. a4 Nc7 24. Qxc4 Rxg5 25.
Rad1 Rd5 26. Rc1 Qd6 27. Qh4 Rf4 28. Qg3 Rg4 29. Qf3 Rd2 30. Rf1 Qd5 31. Qf7+ Kh7 0-1

[Event "*** Titled Tuesday Blitz"]
[Site "Chess.com"]
[Date "2021.02.16"]
[Round "7"]
[White "TC2304"]
[Black "WPWPWP-2015"]
[Result "1-0"]
[WhiteElo "2357"]
[BlackElo "2476"]
[TimeControl "180+1"]
[EndTime "11:18:13 PST"]
[Termination "TC2304 won on time"]

1. d4 Nf6 2. Bg5 c5 3. Nc3 cxd4 4. Qxd4 Nc6 5. Qh4 a6 6. e4 Qa5 7. O-O-O d6 8. f4 h5 9. Nf3 Ng4 10. f5 Bd7 11. a3 Nce5 12. h3 Nxf3 13. gxf3 Ne5 14.
Qf2 Rc8 15. Bd2 Qc5 16. Be3 Qc6 17. Nd5 Nxf3 18. Nb6 Rc7 19. e5 Nxe5 20. Bg2 Qb5 21.
Rhe1 Nd3+ 22. Rxd3 Qxd3 23. Nxd7 Kxd7 24. Bb6 Rc8 25. Bxb7 Qb5 26. Bxc8+ Kxc8 27. Qd4 Rh6 28. Qc3+ 1-0